 Dungeon Crawl Stone Soup version 0.30.1-4-g462c640d31 (webtiles) character file.

Game seed: 9140352500348724638

4138 Peloso the Carver (level 10, -3/84 (88) HPs)
             Began as a Minotaur Fighter on Aug 18, 2023.
             Was a Priest of Okawaru.
             Slain by a gnoll sergeant
             ... wielding a +2 spear of venom
              (4 damage)
             ... on level 9 of the Dungeon.
             The game lasted 00:12:14 (7805 turns).

Peloso the Carver (Minotaur Fighter)                Turns: 7805, Time: 00:12:15

HP:   -3/84 (88)    AC:  9    Str: 21    XL:     10   Next: 7%
MP:   9/9           EV: 14    Int:  9    God:    Okawaru [***...]
Gold: 732           SH:  5    Dex: 12    Spells: 9/9 levels left

rFire   . . .        a - +4 falchion
rCold   + . .        d - +0 buckler
rNeg    . . .        c - +0 chain mail
rPois   .            (helmet restricted)
rElec   .            (no cloak)
rCorr   .            (no gloves)
SInv    .            A - +0 pair of boots
Will    .....        (no amulet) Stlth
                     o - ring of protection from cold
HPRegen 0.34/turn    f - +5 ring of evasion
MPRegen 0.11/turn

%: no passive effects
@: lethally poisoned (-3 -> -45), lightly drained
A: horns 2, retaliatory headbutt, clever 1, deformed body, inability to drink
after injury 1
a: Renounce Religion, Heroism


You were on level 9 of the Dungeon.
You worshipped Okawaru.
Okawaru was most pleased with you.
You visited 2 branches of the dungeon, and saw 10 of its levels.

You collected 732 gold pieces.

Inventory:

Hand Weapons
 a - a +4 falchion (weapon)
 b - a +3 trident of flaming
Armour
 c - a +0 chain mail (worn)
 d - a +0 buckler (worn)
 A - a +0 pair of boots (worn)
Jewellery
 f - a +5 ring of evasion (right hand)
 l - an amulet of faith
 o - a ring of protection from cold (left hand)
 w - a ring of ice
 L - a ring of positive energy
 M - a +6 ring of intelligence
Wands
 e - a wand of flame (12)
 i - a wand of roots (1)
 E - a wand of paralysis (19)
 J - a wand of mindburst (3)
Scrolls
 h - 2 scrolls of enchant armour {unknown}
 j - 2 scrolls of amnesia
 k - 4 scrolls of immolation
 m - a scroll of acquirement {unknown}
 n - 3 scrolls of vulnerability {unknown}
 r - a scroll of poison {unknown}
 u - 2 scrolls of fog
 x - 3 scrolls of fear {unknown}
 y - 4 scrolls of blinking {unknown}
 z - a scroll of enchant weapon {unknown}
 B - a scroll of torment {unknown}
 D - 3 scrolls of identify
 K - 4 scrolls of teleportation {unknown}
Potions
 g - a potion of cancellation
 p - a potion of might
 q - 2 potions of mutation
 s - a potion of lignification {unknown}
 t - a potion of berserk rage {unknown}
 v - 2 potions of resistance {unknown}
 C - a potion of brilliance {unknown}
 F - 2 potions of heal wounds {unknown}
 G - 4 potions of flight {unknown}
 H - 3 potions of magic {unknown}
 I - a potion of ambrosia {unknown}


   Skills:
 + Level 7.8 Fighting
 + Level 10.8 Long Blades
 + Level 9.9 Armour
 + Level 3.6 Dodging
 + Level 1.5 Stealth
 + Level 7.0 Shields
 + Level 0.5 Invocations


You had 9 spell levels left.
You didn't know any spells.
Your spell library contained the following spells:

 Spells                   Type           Power      Damage    Failure   Level
 Beastly Appendage        Tmut           0%         N/A       94%         1
 Magic Dart               Conj           0%         1d3       94%         1
 Shock                    Conj/Air       0%         1d3       94%         1
 Sublimation of Blood     Necr           0%         N/A       98%         2
 Wereblood                Tmut           0%         N/A       98%         2
 Mephitic Cloud           Conj/Pois/Air  0%         N/A       100%        3
 Spider Form              Tmut/Pois      0%         N/A       100%        3
 Swiftness                Air            0%         N/A       100%        3
 Airstrike                Air            0%         2d(0-16)  100%        4
 Petrify                  Tmut/Erth      0%         N/A       100%        4
 Irradiate                Conj/Tmut      0%         3d11      100%        5
 Call Imp                 Summ           Unusable   N/A       N/A         2

Dungeon Overview and Level Annotations

Branches:
Dungeon (9/15)             Temple (1/1) D:6
   Lair: D:8-11         Orc: D:9-12

Altars:
Ashenzari
Cheibriados
Dithmenos
Elyvilon
Makhleb
Nemelex Xobeh
Okawaru
Qazlal
Ru
Sif Muna
Trog
Uskayaw
Vehumet
Xom
Yredelemnul
The Shining One

Shops:
D:2 *   D:5 =:


Innate Abilities, Weirdness & Mutations

You have a pair of horns on your head.
You reflexively headbutt those who attack you in melee.
Your mind is acute. (Int +4, Str/Dex -1)
Armour fits poorly on your strangely shaped body.
You occasionally lose the ability to drink potions when taking damage.


Message History

The gnoll closely misses you. The gnoll sergeant misses you.
You furiously retaliate!
You headbutt the gnoll sergeant!
You see here a +0 spear.
You completely miss the gnoll sergeant.
The gnoll sergeant is heavily wounded.
You feel very sick. The gnoll closely misses you. The gnoll barely misses you.
You furiously retaliate!
You headbutt the gnoll.
The gnoll sergeant hits you with a +2 spear of venom.
You are more poisoned.
You barely miss the gnoll. You headbutt the gnoll.
You kill the gnoll!
Okawaru accepts your kill.
You feel very sick. You block the gnoll's attack.
The gnoll sergeant hits you with a +2 spear of venom.
* * * LOW HITPOINT WARNING * * *
You are lethally poisoned!
You hit the gnoll sergeant.
Your headbutt misses the gnoll sergeant.
The gnoll sergeant is severely wounded.
* * * LOW HITPOINT WARNING * * *
You feel very sick.
Unknown command.
You hit the gnoll sergeant.
The gnoll sergeant is almost dead.
* * * LOW HITPOINT WARNING * * *
You feel very sick. The gnoll hits you but does no damage.
You are more poisoned.
The gnoll sergeant barely misses you.
It was a potion of mutation.
You feel extremely strange.
You occasionally lose the ability to drink potions when taking damage.
You feel clever.
Your body twists and deforms.
* * * LOW HITPOINT WARNING * * *
You feel extremely sick. The gnoll hits you but does no damage.
You are more poisoned.
The gnoll sergeant hits you with a +2 spear of venom.
You die...

##### #...# #...#
#########...########
....#........).g@..#
....#..........g.)...#
....'...................>
#####............<...#$#.
#############+#### #


You could see a gnoll sergeant and a gnoll.

Vanquished Creatures
  A two-headed ogre (D:9)
  A hornet (D:7)
  2 wyverns (D:8)
  2 water moccasins
  Duvessa (D:7)
  2 orc warriors
  An ice beast (D:6)
  An ogre (D:7)
  3 centaurs
  A phantom (D:5)
  3 kobold brigands
  3 bullfrogs
  A gnoll sergeant (D:9)
  4 scorpions
  4 wights (D:8)
  Dowan (D:7)
  9 killer bees (D:8)
  2 electric eels
  4 orc priests
  A hound (D:6)
  3 jellies
  3 sleepcaps
  2 iguanas
  An orc wizard (D:5)
  7 gnolls (D:9)
  6 adders
  5 white imps
  An ufetubus (D:5)
  3 worms
  26 orcs
  10 endoplasms
  4 giant cockroaches
  8 goblins
  7 hobgoblins
  7 jackals
  16 kobolds
  3 quokkas
  4 ball pythons
  2 bats (D:2)
  3 frilled lizards (D:2)
  4 rats
172 creatures vanquished.

Notes
Turn   | Place    | Note
-------+----------+-------------------------------------------
     0 | D:1      | Peloso the Minotaur Fighter began the quest for the Orb.
     0 | D:1      | Reached XP level 1. HP: 19/19 MP: 0/0
   177 | D:1      | Reached XP level 2. HP: 27/27 MP: 1/1
   457 | D:2      | Reached XP level 3. HP: 14/33 MP: 2/2
   666 | D:2      | Reached skill level 3 in Long Blades
   750 | D:2      | Found a faded altar of an unknown god.
   898 | D:2      | Found Rusmabap's General Store.
  1336 | D:3      | Reached XP level 4. HP: 41/41 MP: 3/3
  1350 | D:3      | Reached skill level 1 in Dodging
  2158 | D:4      | Reached XP level 5. HP: 47/47 MP: 4/4
  2376 | D:4      | Found a white marble altar of Elyvilon.
  2490 | D:5      | Entered Level 5 of the Dungeon
  2676 | D:5      | Found Yhyemim's Jewellery Shoppe.
  2726 | D:5      | Reached skill level 4 in Long Blades
  2814 | D:5      | Reached skill level 5 in Armour
  2814 | D:5      | Reached XP level 6. HP: 18/55 MP: 5/5
  2823 | D:5      | Reached skill level 5 in Fighting
  2823 | D:5      | Reached skill level 5 in Long Blades
  3039 | D:5      | Found Firgh's Self-Improvement Boutique.
  3252 | D:5      | Noticed a water moccasin
  3260 | D:5      | Killed a water moccasin
  3261 | D:5      | Reached skill level 6 in Long Blades
  3261 | D:5      | Reached XP level 7. HP: 26/61 MP: 6/6
  3667 | D:6      | HP: 1/61 [orc priest/divine providence (11)]
  3950 | D:6      | Found a staircase to the Ecumenical Temple.
  3960 | Temple   | Entered the Ecumenical Temple
  4046 | Temple   | Became a worshipper of Warmaster Okawaru
  4134 | D:6      | Reached skill level 7 in Long Blades
  4326 | D:6      | Reached XP level 8. HP: 50/70 MP: 7/7
  4534 | D:6      | Reached * piety under Okawaru
  4847 | D:7      | Reached skill level 5 in Shields
  4852 | D:7      | Reached skill level 8 in Long Blades
  5155 | D:7      | Noticed a hornet
  5170 | D:7      | Killed a hornet
  5171 | D:7      | Reached skill level 1 in Stealth
  5175 | D:7      | Reached skill level 9 in Long Blades
  5232 | D:7      | Noticed Dowan
  5235 | D:7      | Noticed Duvessa
  5260 | D:7      | Killed Dowan
  5267 | D:7      | Killed Duvessa
  5745 | D:8      | Reached XP level 9. HP: 74/78 MP: 8/8
  6363 | D:8      | Reached ** piety under Okawaru
  7290 | D:9      | Noticed a two-headed ogre
  7307 | D:9      | Killed a two-headed ogre
  7307 | D:9      | Reached *** piety under Okawaru
  7308 | D:9      | Reached skill level 10 in Long Blades
  7335 | D:8      | HP: 3/79 [wyvern (6)]
  7581 | D:9      | Reached XP level 10. HP: 61/86 MP: 9/9
  7805 | D:9      | Gained mutation: You occasionally lose the ability to drink
                  | potions when taking damage. [potion of mutation]
  7805 | D:9      | Gained mutation: Your mind is acute. (Int +4, Str/Dex -1)
                  | [potion of mutation]
  7805 | D:9      | Gained mutation: Armour fits poorly on your strangely
                  | shaped body. [potion of mutation]
  7805 | D:9      | HP: 1/84 [poisoned by a gnoll]
  7805 | D:9      | Slain by a gnoll sergeant

Illustrated notes

Levels and vault maps discovered:
D:1:      mainiacjoe_arrival_reflecting_pool, layout_basic
D:2:      layout_rooms, serial_shops, nicolae_shop_behind_doors,
          shapermc_ecumenical_altar_mp_vishouse, minmay_octomino_c4
D:3:      layout_basic, chequers_serial_rivers_large_b
D:4:      layout_gridville, mainiacjoe_overflow_tiny_flanked,
          minmay_fractal_squares_5
D:5:      layout_gridville, serial_shops, nicolae_stop_n_shop_2,
          nicolae_shop_self_help
D:6:      layout_loops_ring, minmay_temple_entry_overgrown,
          reono_crystal_passage, minivault_14
D:7:      layout_rooms, serial_glass, glass_columns_a, glass_columns_b,
          glass_columns_b, glass_columns_b, glass_columns_a, glass_columns_b,
          glass_columns_a, glass_columns_a, chequers_serial_rivers_room_a,
          uniq_duvessa
D:8:      layout_loops_ring, nicolae_wwwww, nicolae_water_bricks,
          minmay_misc_feat_cross
D:9:      minmay_spotlight, layout_basic, lair_entry_dummy
Temple:   mainiacjoe_temple_circle_huts

Skill      XL: |  1  2  3  4  5  6  7  8  9 10 |
---------------+-------------------------------+-----
Armour         | 4 5 6 7 9 |  9.9
Fighting       | 4 5 6 7 |  7.8
Shields        | 4 5 6 7 |  7.0
Long Blades    | 3 4 6 7 9 10 | 10.8
Dodging        | 1 2 3 |  3.6
Stealth        | 1 |  1.5
Invocations    | |  0.5

Action                     |  1- 3 |  4- 6 |  7- 9 | 10-12 || total
---------------------------+-------+-------+-------+-------++-------
  Melee: Long sword        |    85 |   111 |   209 |       ||   405
         Headbutt          |    15 |    23 |    66 |     3 ||   107
         Falchion          |       |       |   100 |    20 ||   120
 Invoke: Heroism           |       |       |     4 |       ||     4
    Use: Scroll            |     3 |     2 |       |       ||     5
         Potion            |     2 |     3 |     3 |     1 ||     9
 Armour: Scale mail        |    61 |       |       |       ||    61
         Chain mail        |     2 |    40 |   116 |    10 ||   168
  Dodge: Dodged            |    76 |    83 |   180 |    34 ||   373
  Block: Buckler           |    38 |    26 |    80 |     8 ||   152
